 Dungeon Crawl Stone Soup version 0.28-a0-1447-ga5a8893891 (webtiles) character file.

Game seed: 9337702414368745816

323 oldriver the Skirmisher (level 6, -8/51 HPs)
             Began as a Formicid Chaos Knight on Jan 11, 2022.
             Was a Plaything of Xom.
             Mangled by an ogre (20 damage)
             ... on level 4 of the Dungeon.
             The game lasted 00:03:01 (3626 turns).

oldriver the Skirmisher (Formicid Chaos Knight)     Turns: 3626, Time: 00:03:01

Health: -8/51      AC: 10    Str: 24    XL:     6   Next: 77%
Magic:  6/6        EV: 12    Int: 12    God:    Xom [*.....]
Gold:   184        SH:  0    Dex: 10    Spells: 5/5 levels left

rFire   . . .      SeeInvis +   a - +0 hand axe (chaos)
rCold   + . .      Faith    .   (no shield)
rNeg    . . .      Spirit   .   b - +2 leather armour
rPois   .          Reflect  .   (helmet unavailable)
rElec   .          Harm     .   (no cloak)
rCorr   +          Rampage  .   m - +0 pair of gloves
Will    .....                   (no boots)
Stlth   +.........              (no amulet)
HPRegen 0.17/turn               f - +6 ring of strength
MPRegen 0.10/turn               g - ring of resist corrosion

@: no status effects
A: permanent stasis, dig shafts and tunnels, antennae 3, four strong arms,
talons 2, iridescent scales 2, cold resistance 1, screaming 1, evolution 1,
MP-powered wands, sturdy frame 1
a: Dig, Shaft Self, Renounce Religion


You were on level 4 of the Dungeon.
You worshipped Xom.
You were a special plaything of Xom.
You visited 1 branch of the dungeon, and saw 4 of its levels.

You collected 184 gold pieces.

Inventory:

Hand Weapons
 a - a +0 hand axe of chaos (weapon)
Missiles
 l - a javelin
Armour
 b - a +2 leather armour (worn)
 m - a +0 pair of gloves (worn)
Jewellery
 d - a ring of wizardry
 f - a +6 ring of strength (left hand)
 g - a ring of resist corrosion (right hand)
 k - a ring of fire
Scrolls
 e - a scroll of teleportation
 j - 3 scrolls of fear {unknown}
Potions
 c - a potion of brilliance {unknown}
 h - a potion of lignification {unknown}
 i - a potion of flight {unknown}
 n - a potion of curing {unknown}


   Skills:
 + Level 5.1 Fighting
 + Level 4.7 Axes
 - Level 2.1 Armour
 + Level 3.3 Dodging


You had 5 spell levels left.
You didn't know any spells.
Your spell library contained the following spells:

 Spells                   Type           Power      Damage    Failure   Level
 Animate Skeleton         Necr           0%         N/A       32%         1
 Pain                     Necr           0%         1d4       32%         1
 Summon Small Mammal      Summ           0%         N/A       32%         1
 Call Canine Familiar     Summ           0%         N/A       69%         3
 Inner Flame              Hex/Fire       0%         N/A       69%         3
 Summon Guardian Golem    Hex/Summ       0%         N/A       69%         3
 Vampiric Draining        Necr           0%         2d6       69%         3
 Cause Fear               Hex            0%         N/A       97%         4
 Discord                  Hex            0%         N/A       100%        8


Dungeon Overview and Level Annotations

Branches:
Dungeon (4/15)
 Temple: D:4-7

Altars:
Nemelex Xobeh
Xom


Innate Abilities, Weirdness & Mutations

You cannot be hasted, slowed, berserked, paralysed or teleported.
You can dig through walls and to a lower floor.
You have a pair of large antennae on your head. (SInv)
Your four strong arms can wield two-handed weapons with a shield.
You have razor-sharp toenails.
You are mostly covered in iridescent scales. (AC +4)
Your flesh is cold resistant. (rC+)
You occasionally shout uncontrollably at your foes.
You have hidden genetic potential.
You expend magic power (3 MP) to strengthen your wands.
Your movements are slightly less encumbered by armour. (ER -2)


Message History

You hit the adder.
A centaur skeleton comes into view.
The adder misses you. The adder closely misses you.
You slash the adder! You burn the adder.
You kill the adder!
You hit the adder.
You kill the adder!
The ogre hits you with a +0 giant spiked club!
You hit the ogre.
The ogre is lightly wounded.
You slash the ogre! Lightning courses through the ogre!
The ogre is severely wounded.
The ogre misses you.
You hit the ogre.
The ogre is almost dead.
You hit the centaur skeleton.
The centaur skeleton hits you but does no damage.
The centaur skeleton kicks you but does no damage.
The ogre hits you with a +0 giant spiked club!
The centaur skeleton hits you. The centaur skeleton misses you.
You barely miss the ogre.
The ogre is almost dead.
You hit the centaur skeleton. You burn the centaur skeleton.
The centaur skeleton closely misses you.
The centaur skeleton kicks you but does no damage.
The ogre hits you with a +0 giant spiked club!
* * * LOW HITPOINT WARNING * * *
You hit the ogre but do no damage.
The ogre seems to speed up.
You claw the ogre.
The ogre is almost dead.
You hit the centaur skeleton.
The centaur skeleton resists with some effort.
The centaur skeleton barely misses you.
The centaur skeleton kicks you but does no damage.
The ogre barely misses you.
The centaur skeleton hits you but does no damage.
The centaur skeleton closely misses you.
The ogre hits you with a +0 giant spiked club!!
You die...
Xom bursts into laughter!

.## #.......
#.#.##......
....#...... .
........## ..
.[......##
...##.......#
............###
........O.....#
####..†Z@.....#
#........<..##
..................
###...............
#...............
......#######....
....... ....
.(..... ... .. ..


You could see an ogre (fast) and a centaur skeleton.

Vanquished Creatures
  A bullfrog (D:3)
  Jessica (D:3)
  A howler monkey skeleton (D:3)
  9 adders
  5 river rats (D:3)
  3 dart slugs
  5 worms
  9 orcs
  4 bats
  3 endoplasms
  A giant cockroach (D:3)
  3 goblins (D:3)
  7 hobgoblins
  4 jackals
  7 quokkas (D:3)
  2 ball pythons
  2 frilled lizards
  5 kobolds
  3 rats
75 creatures vanquished.

Vanquished Creatures (others)
  71 plants (D:3)
71 creatures vanquished.

Grand Total: 146 creatures vanquished

Notes
Turn   | Place    | Note
-------+----------+-------------------------------------------
     0 | D:1      | oldriver the Formicid Chaos Knight began the quest for the
                  | Orb.
     0 | D:1      | Reached XP level 1. HP: 18/18 MP: 1/1
    25 | D:1      | Found a faded altar of an unknown god.
   129 | D:1      | Reached skill level 1 in Dodging
   421 | D:1      | XOM: potion effect (invisibility)
   422 | D:1      | Reached XP level 2. HP: 20/24 MP: 2/2
   565 | D:1      | XOM: scenery: create altars
   757 | D:1      | XOM: give mutations
   757 | D:1      | Gained mutation: Your movements are slightly less
                  | encumbered by armour. (ER -2) [Xom's grace]
   757 | D:1      | Gained mutation: You expend magic power (3 MP) to
                  | strengthen your wands. [Xom's grace]
   757 | D:1      | Gained mutation: Your flesh is cold resistant. (rC+) [Xom's
                  | grace]
  1050 | D:2      | Reached XP level 3. HP: 30/30 MP: 3/3
  1563 | D:2      | XOM: god gift: 53 gold pieces
  1653 | D:2      | XOM: give mutation
  1653 | D:2      | Gained mutation: You occasionally shout uncontrollably at
                  | your foes. [Xom's mischief]
  1970 | D:3      | Reached skill level 4 in Fighting
  1970 | D:3      | Reached XP level 4. HP: 31/37 MP: 4/4
  2248 | D:3      | Found a sparkling altar of Nemelex Xobeh.
  2417 | D:3      | Noticed a bullfrog
  2428 | D:3      | Killed a bullfrog
  2429 | D:3      | Reached XP level 5. HP: 23/43 MP: 5/5
  2528 | D:3      | XOM: snakes to sticks
  2582 | D:3      | XOM: give mutations
  2582 | D:3      | Gained mutation: You are partially covered in iridescent
                  | scales. (AC +2) [Xom's grace]
  2582 | D:3      | Gained mutation: You have sharp toenails. [Xom's grace]
  2736 | D:3      | XOM: give mutations
  2736 | D:3      | Gained mutation: You are mostly covered in iridescent
                  | scales. (AC +4) [Xom's grace]
  2736 | D:3      | Gained mutation: You have hidden genetic potential. [Xom's
                  | grace]
  2875 | D:3      | Noticed Jessica
  2879 | D:3      | Killed Jessica
  2880 | D:3      | Reached XP level 6. HP: 50/50 MP: 6/6
  3013 | D:3      | Reached skill level 5 in Fighting
  3069 | D:3      | Gained mutation: You have razor-sharp toenails. [hidden
                  | potential]
  3468 | D:3      | XOM: cloud trail
  3615 | D:4      | Noticed an ogre
  3626 | D:4      | Mangled by an ogre

Illustrated notes

Levels and vault maps discovered:
D:1:      psy_arrival_dodecagon, layout_loops_corners,
          hellmonk_ecumenical_altar_crossroads, corner_web_ring,
          nrook_mini_vaults, minmay_crystal_room
D:2:      layout_loops_ring, bh_walls_and_bars
D:3:      wad_woods_stonehenge, layout_basic, lightli_sewer_entry_pipes,
          uniq_jessica
D:4:      layout_cave_pools, serial_shops, nicolae_take_the_stairs

Skill      XL: |  1  2  3  4  5  6 |
---------------+-------------------+-----
Dodging        | 1 2 3 |  3.3
Fighting       | 4 5 |  5.1
Axes           | 4 |  4.7
Armour         | |  2.1

Action                   |  1- 3 |  4- 6 || total
-------------------------+-------+-------++-------
Melee: Hand axe          |    91 |   160 ||   251
       Punch             |     2 |       ||     2
       Kick              |       |    21 ||    21
  Use: Scroll            |     6 |       ||     6
 Stab: Invisible         |     2 |       ||     2
       Sleeping          |       |     1 ||     1
       Paralysed         |       |     1 ||     1
Armor: Leather armour    |    24 |    55 ||    79
Dodge: Dodged            |    81 |    96 ||   177

Table legend: (Time is in decaauts)
 A = Elapsed time spent in this place.
 B = Non-inter-level travel time spent in this place.
 C = Inter-level travel time spent in this place.
 D = Time resting spent in this place.
 E = Time spent auto-exploring this place.
 F = Levels seen in this place.
 G = Mean time per level.
                   A        B        C        D        E       F      G
               +--------+--------+--------+--------+--------+-----+--------+
         Total |   3683 |   3578 |    105 |     70 |   2871 |   4 |  920.8 |
       Dungeon |   3683 |   3578 |    105 |     70 |   2871 |   4 |  920.8 |
               +--------+--------+--------+--------+--------+-----+--------+

Top non-repeatable levels by time:
     D:3: 1719 daAuts
     D:2: 1003 daAuts
     D:1: 941 daAuts
     D:4: 18 daAuts
